 Dungeon Crawl Stone Soup version 0.31.0-32-g396128a36d (webtiles) character file.

Game seed: 14747761981139832015

41 gohu the Magician (level 3, -5/25 HPs)
             Began as a Djinni Fire Elementalist on Mar 14, 2024.
             Slain by a ribbon worm (7 damage)
             ... on level 2 of the Dungeon.
             The game lasted 00:02:17 (1238 turns).

gohu the Magician (Djinni Fire Elementalist)        Turns: 1238, Time: 00:02:18

Health: -5/25      AC:  2    Str:  4 (7)  XL:     3   Next: 75%
Gold:   71         EV:  6    Int: 16 (18) God:
                   SH:  0    Dex: 10 (13)

rFire   + + .        e - +3 spear (venom)
rCold   x . .        (no shield)
rNeg    . . .        a - +0 robe
rPois   ∞            (no helmet)
rElec   .            (no cloak)
rCorr   .            (no gloves)
SInv    +            (boots unavailable)
Will    +....        (no amulet)
Stlth   ++           (no ring)
HPRegen 0.24/turn    (no ring)
MPRegen 0.00/turn

%: infuse magic (-6 HP)
@: mighty, about to teleport, enlightened, flying, held
A: sickness immunity, fire resistance 2, cold vulnerability 1, float, innate
caster, HP casting, extra vitality 1, see invisible
a: no special abilities


You were on level 2 of the Dungeon.
You visited 1 branch of the dungeon, and saw 2 of its levels.

You collected 71 gold pieces.

Inventory:

Hand Weapons
 e - a +3 spear of venom (weapon)
Armour
 a - a +0 robe (worn)
Magical Staves
 d - a staff of earth
 k - a staff of air
Scrolls
 b - a scroll of poison {unknown}
 c - a scroll of identify {unknown}
 g - a scroll of teleportation
 i - a scroll of brand weapon {unknown}
 m - a scroll of noise {unknown}
Potions
 f - a potion of might


   Skills:
 - Level 2.1 Dodging
 - Level 1.5 Stealth
 + Level 4.0 Spellcasting
 + Level 4.0 Conjurations
 + Level 4.0 Hexes
 + Level 4.0 Summonings
 + Level 4.0 Necromancy
 + Level 4.0 Translocations
 + Level 4.0 Fire Magic
 + Level 4.0 Ice Magic
 + Level 4.0 Air Magic
 + Level 4.0 Earth Magic
 + Level 4.0 Alchemy


You knew the following spells:

 Your Spells              Type           Power      Damage    Failure   Level
a - Foxfire               Conj/Fire      64%        2x1d7     3%          1
b - Scorch                Fire           32%        2d6       4%          2
c - Volatile Blastmotes   Fire/Tloc      32%        2d12      10%         3
d - Inner Flame           Hex/Fire       16%        N/A       10%         3
e - Flame Wave            Conj/Fire      16%        2d7       32%         4
f - Sandblast             Erth           32%        2d9       3%          1
Your spell library was empty.

Dungeon Overview and Level Annotations

Branches:
Dungeon (2/15)

Altars:
Hepliaklqana


Innate Abilities, Weirdness & Mutations

You are immune to sickness and miasma.
You are immune to poison.
Your flesh is very heat resistant. (rF++)
You are vulnerable to cold. (rC-)
You float through the air rather than walking.
You learn spells naturally, not from books.
Your magical power is your life essence.
You have superior vitality. (+4 MHP)
You have supernaturally acute eyesight. (SInv)


Message History

You kill the adder!
The ribbon worm bites you.
* * * LOW HITPOINT WARNING * * *
Your Spellcasting skill increases to level 4!
Your Conjurations skill increases to level 4!
Your Hexes skill increases to level 4!
Your Summonings skill increases to level 4!
Your Necromancy skill increases to level 4!
Your Translocations skill increases to level 4!
Your Fire Magic skill increases to level 4!
Your Ice Magic skill increases to level 4!
Your Air Magic skill increases to level 4!
Your Earth Magic skill increases to level 4!
Your Alchemy skill increases to level 4!
The ribbon worm barely misses you.
Casting: Scorch (safe; 4% risk of failure)
Confirm with . or Enter, or press ? or * to list all spells.
Flames lash the bat.
You kill the bat!
* * * LOW HITPOINT WARNING * * *
The ribbon worm barely misses you.
It was a potion of might.
You feel very mighty all of a sudden.
The ribbon worm bites you but does no damage.
It was a potion of degeneration.
There was something very wrong with that liquid.
You feel weakened.
You feel dopey.
You feel clumsy. The ribbon worm bites you.
* * * LOW HITPOINT WARNING * * *
It was a potion of mutation.
You feel extremely strange.
Your vision sharpens.
The ribbon worm expels a string of sticky webbing.
The stream of webbing hits you but does no damage.
You are even more entangled.
It was a potion of enlightenment.
You feel more buoyant.
As you read the scroll labelled BULIAW AVAC, it crumbles to dust.
You feel strangely unstable.
It was a scroll of teleportation.
The ribbon worm bites you!
You die...

#...#....
#######.#......
#.........#
#.#####..## #.#
##...# #.#
#....##
######.#
##.†..#
#...##.#
##w#.....
#.#....#
#@######
#...#### #.#
##.#########+#
#........#
#.######..
######.####
..........##
...........+
.####...#.##


You could see a ribbon worm (catching breath).

Vanquished Creatures
  2 adders (D:2)
  A dart slug (D:1)
  A ball python (D:1)
  3 bats
  5 endoplasms
  4 quokkas
  A frilled lizard (D:1)
  A goblin (D:1)
  A rat (D:2)
19 creatures vanquished.

Vanquished Creatures (others)
  46 foxfires
46 creatures vanquished.

Grand Total: 65 creatures vanquished

Notes
Turn   | Place    | Note
-------+----------+-------------------------------------------
     0 | D:1      | gohu the Djinni Fire Elementalist began the quest for the
                  | Orb.
     0 | D:1      | gohu set off with the following spells memorised: Foxfire,
                  | Scorch, Volatile Blastmotes, Inner Flame, Flame Wave.
     0 | D:1      | Reached XP level 1. HP: 15/15 MP: 0/0
   268 | D:1      | Reached XP level 2. HP: 19/21 MP: 0/0
   301 | D:1      | Found a faded altar of an unknown god.
   946 | D:2      | Found a hazy altar of Hepliaklqana.
  1127 | D:2      | Reached XP level 3. HP: 15/25 MP: 0/0
  1127 | D:2      | Learned a level 1 spell: Sandblast
  1235 | D:2      | HP: 1/25 [ribbon worm (4)]
  1236 | D:2      | Gained mutation: You have supernaturally acute eyesight.
                  | (SInv) [potion of mutation]
  1238 | D:2      | Slain by a ribbon worm

Illustrated notes

Levels and vault maps discovered:
D:1:      lightli_arrival_boilingwater, layout_basic,
          hellmonk_ecumenical_altar_lost_god
D:2:      layout_loops_corners, basic_altar, minmay_three_crescents,
          uniq_terence

Skill      XL: |  1  2  3 |
---------------+----------+-----
Spellcasting   | 4 |  4.0
Conjurations   | 4 |  4.0
Hexes          | 4 |  4.0
Summonings     | 4 |  4.0
Necromancy     | 4 |  4.0
Translocations | 4 |  4.0
Fire Magic     | 4 |  4.0
Ice Magic      | 4 |  4.0
Air Magic      | 4 |  4.0
Earth Magic    | 4 |  4.0
Alchemy        | 4 |  4.0
Dodging        | |  2.1
Stealth        | |  1.5

Action                     || total
---------------------------++-------
   Cast: Foxfire           ||    31
         Scorch            ||    15
    Use: Potion            ||     4
         Scroll            ||     1
 Armour: Robe              ||    13
  Dodge: Dodged            ||    14
